Map: Simulacrum LE

Players

Jason - Winner!

  • Race: Terran Terran
  • League: Grandmaster
  • Spawn Location: 5:00

Creature

  • Race: Protoss Protoss
  • League: Master
  • Spawn Location: 11:00

VOD

Have the link to the VOD?

Description

Time

  • Played on: April 19, 2020, 5:02 p.m.
  • Length: 6:32
Show
View Real Time Build Order
Export as new Build Order

Jason Terran - Winner!

Build Orders: Reaper Expand 

Get SALT Encoding   

  12  0:00  SCV  
  13  0:13  SCV  
  14  0:17  Supply Depot  
  14  0:25  SCV  
  15  0:39  SCV  
  15  0:40  Barracks  
  16  0:44  Refinery  
  16  0:51  SCV  
  17  1:03  SCV  
  18  1:15  SCV  
  19  1:27  Orbital Command  
  19  1:28  Reaper  
  20  1:48  Command Center  
  20  1:53  SCV  
  21  2:00  Marine  
  22  2:02  Supply Depot  
  22  2:05  SCV  
  23  2:13  Factory  
  23  2:21  Barracks Reactor  
  23  2:24  Refinery, SCV  
  24  2:30  Bunker  
  24  2:36  SCV  
  25  2:48  SCV  
  26  2:54  Barracks  
  26  2:58  Starport  
  26  3:00  SCV  
  26  3:02  Factory Tech Lab  
  27  3:10  Orbital Command  
  27  3:13  SCV  
  27  3:17  Marine  
  27  3:18  Marine  
  30  3:26  Cyclone  
  33  3:29  SCV  
  34  3:36  Marine  
  34  3:39  Viking  
  36  3:42  SCV  
  36  3:43  SCV  
  36  3:45  Marine  
  36  3:48  Marine  
  40  3:55  Supply Depot  
  40  3:57  Marine  
  40  4:03  Siege Tank, Marine  
  40  4:05  SCV  
  40  4:07  SCV  
  46  4:16  Viking, Marine x2  
  50  4:19  Supply Depot  
  50  4:23  Marine  
  51  4:24  SCV  
  51  4:25  SCV  
  51  4:30  Supply Depot  
  53  4:35  Marine  
  54  4:40  Marine  
  54  4:41  Siege Tank  
  54  4:45  SCV x2  
  60  4:49  Viking  
  62  4:53  Supply Depot, Marine  
  63  5:00  SCV  
  63  5:01  Marine x2  
  63  5:07  Supply Depot  
  66  5:08  SCV  
  66  5:12  SCV  
  68  5:14  Siege Tank  
  68  5:16  Marine  
  72  5:23  Viking  
  72  5:25  SCV x2  
  76  5:32  Marine x2  
  76  5:34  Marine  
  79  5:37  SCV x2  
  81  5:48  Siege Tank  
  81  5:49  Supply Depot, SCV  
  86  5:50  SCV  
  86  5:57  Marine  
  86  6:04  Bunker x2  
  86  6:06  Starport Reactor, Bunker  
  86  6:07  Barracks Tech Lab  
  86  6:11  SCV  
  87  6:22  Bunker  
  87  6:24  Bunker  
Show
View Real Time Build Order
Export as new Build Order

Creature Protoss 

Build Orders: 1 Gate Expand, Oracle Opening 

Get SALT Encoding   

  12  0:00  Probe  
  13  0:13  Probe  
  14  0:18  Pylon  
  14  0:25  Probe (Chrono Boost)  
  15  0:37  Probe (Chrono Boost), Gateway  
  16  0:45  Probe (Chrono Boost)  
  16  0:46  Assimilator  
  17  0:51  Probe  
  18  1:03  Probe  
  19  1:15  Probe  
  20  1:24  Nexus  
  20  1:34  Cybernetics Core  
  20  1:39  Probe  
  21  1:44  Assimilator  
  21  1:52  Probe  
  22  1:55  Pylon  
  22  2:04  Probe  
  23  2:10  Adept (Chrono Boost)  
  25  2:17  Probe, Stargate  
  26  2:29  Probe  
  27  2:33  Adept  
  29  2:41  Probe x2 (Chrono Boost)  
  30  2:53  Probe x2 (Chrono Boost)  
  30  2:54  Warp Gate  
  32  3:00  Probe x2 (Chrono Boost)  
  32  3:02  Oracle (Chrono Boost)  
  37  3:07  Probe  
  37  3:09  Probe  
  39  3:19  Probe  
  40  3:21  Probe  
  41  3:27  Pylon  
  41  3:31  Probe  
  41  3:32  Oracle  
  41  3:33  Probe  
  46  3:46  Probe x2  
  48  3:54  Nexus  
  48  3:58  Probe  
  48  4:02  Probe  
  50  4:06  Pylon  
  50  4:07  Gateway  
  50  4:08  Gateway  
  50  4:10  Probe  
  50  4:12  Phoenix (Chrono Boost)  
  50  4:15  Probe  
  54  4:24  Probe  
  54  4:27  Twilight Council  
  54  4:30  Forge  
  55  4:33  Assimilator  
  55  4:35  Probe, Assimilator  
  55  4:36  Probe  
  57  4:44  Pylon  
  54  4:47  Probe  
  54  4:49  Sentry  
  54  4:51  Charge (Chrono Boost)  
  54  4:52  Probe, Pylon  
  58  5:03  Probe (Chrono Boost)  
  59  5:09  Probe (Chrono Boost)  
  59  5:12  Probe (Chrono Boost)  
  62  5:16  Gateway x2  
  62  5:18  Probe (Chrono Boost)  
  62  5:19  Probe (Chrono Boost)  
  62  5:20  Gateway  
  64  5:21  Probe (Chrono Boost)  
  64  5:24  Probe (Chrono Boost)  
  64  5:25  Probe  
  64  5:26  Shield Battery  
  66  5:31  Shield Battery, Sentry  
  66  5:32  Sentry  
  70  5:36  Shield Battery  
  70  5:37  Stalker  
  72  5:45  Shield Battery  
  72  5:58  Zealot x2  
  72  6:03  Zealot  
  79  6:16  Zealot x3  
  75  6:21  Zealot x2  
  75  6:22  Zealot x3  
Tags
 
Add a new tag
Caveats
  • Supply blocks, unpowered buildings, or Contaminate may cause inaccurate times.
  • Supply counts are checked every 10 seconds.